 Dungeon Crawl Stone Soup version 0.22-a0-161-g198051cff3 (console) character file.

65 Muffindrake the Sneak (level 3, 0/28 HPs)
             Began as a Vampire Assassin on Feb 11, 2018.
             Slain by an adder (1 damage)
             ... on level 2 of the Dungeon.
             The game lasted 00:07:17 (2096 turns).

Muffindrake the Sneak (Vampire Assassin)            Turns: 2096, Time: 00:07:18

Health: 0/28       AC:  5    Str: 10    XL:     3   Next: 94%
Magic:  3/3        EV: 12    Int: 13    God:
Gold:   108        SH:  0    Dex: 16    Spells: 2/2 levels left

rFire    . . .     SeeInvis +   a - +2 dagger
rCold    + . .     Gourm    .   (no shield)
rNeg     + + .     Faith    .   c - +1 robe
rPois    +         Spirit   .   q - +0 helmet
rElec    .         Reflect  .   d - +0 cloak
rCorr    .         Harm     .   (no gloves)
MR       .....                  (no boots)
Stlth    ++++......             (no amulet)
HPRegen  0.04/turn              (no ring)
MPRegen  0.08/turn              (no ring)

@: regenerating slowly
A: fangs 3, see invisible, unbreathing
a: Bat Form


You were on level 2 of the Dungeon.
You were very thirsty.

You visited 1 branch of the dungeon, and saw 2 of its levels.

You collected 108 gold pieces.

Inventory:

Hand Weapons
 a - a +2 dagger (weapon)
 b - a +0 blowgun
Missiles
 e - 8 poisoned needles (quivered)
 f - 2 curare-tipped needles
Armour
 c - a +1 robe (worn)
 d - a +0 cloak (worn)
 q - a +0 helmet (worn)
Scrolls
 i - 2 scrolls of remove curse
 o - 2 scrolls of teleportation
Potions
 g - 8 potions of blood
 l - 2 potions of brilliance


   Skills:
 + Level 2.6 Fighting
 * Level 4.0 Short Blades
 - Level 1.5 Throwing
 - Level 1.1 Dodging
 - Level 5.8 Stealth


You had 2 spell levels left.
You didn't know any spells.

Dungeon Overview and Level Annotations

Branches:
Dungeon (2/15)

Altars:


Innate Abilities, Weirdness & Mutations

You heal slowly.
You have razor-sharp teeth.
You have supernaturally acute eyesight. (SInv)
You can survive without breathing.


Message History

The adder hisses angrily.
Found a stone staircase leading up.
A bat comes into view.
Yummy - fresh blood!
You are feeling very thirsty.
The adder closely misses you.
You hit the adder.
The adder is moderately wounded.
The adder closely misses you.
You closely miss the adder.
The adder is moderately wounded.
The adder completely misses you.
You hit the adder. Your bite misses the adder.
The adder is heavily wounded.
The adder bites you.
* * * LOW HITPOINT WARNING * * *
You closely miss the adder.
The adder is heavily wounded.
The adder bites you.
You die...

####.......#
...........+
.###.......#
#.......# ..#
#.......#
....#'#'##### #
#......# .#
#......#####..#
#........b....#
#......##S##..#
.....#...@.....#
###....####.#####
#.... #.# #....
#.# #.... #.# #<.
... #.# .#


You could see an adder and a bat.

Vanquished Creatures
  2 adders (D:2)
  An ooze (D:1)
  A worm (D:2)
  A dart slug (D:2)
  4 leopard geckos
  A ball python (D:2)
  2 giant cockroaches (D:1)
  5 goblins
  4 hobgoblins
  4 jackals (D:1)
  2 kobolds (D:2)
  2 bats
  A frilled lizard (D:2)
  A rat (D:2)
31 creatures vanquished.

Notes
Turn   | Place    | Note
-------+----------+-------------------------------------------
     0 | D:1      | Muffindrake the Vampire Assassin began the quest for the Orb.
     0 | D:1      | Reached XP level 1. HP: 16/16 MP: 1/1
   103 | D:1      | Reached XP level 2. HP: 22/22 MP: 2/2
   908 | D:2      | Reached XP level 3. HP: 26/28 MP: 3/3
  1908 | D:2      | Found a faded altar of an unknown god.
  2095 | D:2      | HP: 1/28 [adder (5)]
  2096 | D:2      | Slain by an adder

Vault maps used:
D:1:      dpeg_arrival_simpleton_b, serial_bayou_pond_c
D:2:      kennysheep_six_static_rooms, first_ration,
          chequers_ecumenical_altar_simple

Skill      XL: |  1  2  3 |
---------------+----------+-----
Fighting       | 2 |  2.6
Short Blades   | 3 4 |  4.0
Throwing       | |  1.5
Dodging        | |  1.1
Stealth        | |  5.8

Action                   || total
-------------------------++-------
Melee: Dagger            ||   128
       Bite              ||    11
  Use: Potion            ||     3
       Scroll            ||     6
 Stab: Sleeping          ||     4
Armor: Robe              ||    19
Dodge: Dodged            ||    59

Table legend:
 A = Spawn XP
 B = Non-spawn XP
 C = Spawn XP percentage of total XP
 D = Spawn monster count
 E = Non-spawn monster count
 F = Spawn count percentage of total count
 G = Total turns spent on level
                    A         B        C        D         E        F      G
               +---------+---------+-------+---------+---------+-------+---------
         Total |       0 |      94 |   0.0 |       0 |      31 |   0.0 |  2096
               +---------+---------+-------+---------+---------+-------+---------
           D:1 |       0 |      33 |   0.0 |       0 |      14 |   0.0 |   697
           D:2 |       0 |      61 |   0.0 |       0 |      17 |   0.0 |  1399
               +---------+---------+-------+---------+---------+-------+---------
